 Dungeon Crawl Stone Soup version 0.31-a0-1237-gabc64e778c (webtiles) character file.

Game seed: 8880840225454900760

482 graki42 the Trooper (level 7, -6/61 HPs)
             Began as a Hill Orc Fighter on Dec 15, 2023.
             Was an Initiate of the Shining One.
             Mangled by a vampire (9 damage)
             ... on level 5 of the Dungeon.
             The game lasted 00:06:19 (2605 turns).

graki42 the Trooper (Hill Orc Fighter)              Turns: 2605, Time: 00:06:20

Health: -6/61      AC: 12    Str: 21    XL:     7   Next: 12%
Magic:  8/8        EV: 11    Int:  8    God:    the Shining One [......]
Gold:   62         SH:  5    Dex: 10    Spells: 6/6 levels left

rFire   . . .        a - +0 war axe
rCold   . . .        c - +0 buckler
rNeg    . . .        o - +0 plate armour
rPois   .            (no helmet)
rElec   .            (no cloak)
rCorr   .            (no gloves)
SInv    .            (no boots)
Will    .....        g - amulet of regeneration Stlth
                     q - +5 ring of evasion
HPRegen 1.10/turn    (no ring)
MPRegen 0.11/turn

%: no passive effects
@: mighty, glowing
A: no striking features
a: Renounce Religion


You were on level 5 of the Dungeon.
You worshipped the Shining One.
The Shining One was noncommittal.
You visited 1 branch of the dungeon, and saw 5 of its levels.

You collected 132 gold pieces.
You spent 70 gold pieces at shops.

Inventory:

Hand Weapons
 a - a +0 war axe (weapon)
Armour
 b - a +0 scale mail
 c - a +0 buckler (worn)
 o - a +0 plate armour (worn)
Jewellery
 g - an amulet of regeneration (around neck)
 q - a +5 ring of evasion (left hand)
 v - a ring of fire
Wands
 s - a wand of paralysis (4)
 u - a wand of light (1)
 y - a wand of mindburst (20)
Scrolls
 e - 8 scrolls of identify {unknown}
 f - a scroll of amnesia {unknown}
 h - 2 scrolls of teleportation {unknown}
 j - a scroll of enchant weapon {unknown}
 m - 3 scrolls of poison {unknown}
 n - a scroll of enchant armour {unknown}
 p - a scroll of fear {unknown}
Potions
 d - a potion of might
 i - 2 potions of haste {unknown}
 k - a potion of lignification {unknown}
 l - 2 potions of enlightenment {unknown}
 t - a potion of curing {unknown}
 w - 2 potions of cancellation {unknown}
 x - a potion of berserk rage {unknown}


   Skills:
 + Level 5.6 Fighting
 + Level 5.3 Axes
 + Level 5.0 Armour
 + Level 5.0 Shields
 + Level 1.3 Invocations


You had 6 spell levels left.
You didn't know any spells.
Your spell library contained the following spells:

 Spells                   Type           Power      Damage    Failure   Level
 Cigotuvi's Dreadful Rot  Necr/Pois/Air  0%         N/A       100%        2
 Dispel Undead            Necr           0%         3d6       100%        4
 Death Channel            Necr           0%         N/A       100%        6


Dungeon Overview and Level Annotations

Branches:
Dungeon (5/15)             Temple (0/1) D:4

Altars:
Ashenzari
Ru
The Shining One

Shops:
D:3 *


Message History

You barely miss the vampire.
The vampire is moderately damaged.
The vampire hits you but does no damage.
The vampire bites you but does no damage.
The vampire hits you but does no damage.
The vampire completely misses you.
You closely miss the vampire.
The vampire is moderately damaged.
The vampire hits you but does no damage.
The vampire bites you.
* * * LOW HITPOINT WARNING * * *
The vampire draws strength from your injuries!
You barely miss the vampire.
The vampire is lightly damaged.
The vampire hits you.
* * * LOW HITPOINT WARNING * * *
The vampire bites you!
* * * LOW HITPOINT WARNING * * *
The vampire draws strength from your injuries!
You feel less confused.
The vampire hits you but does no damage.
The vampire barely misses you.
You feel much better. The vampire barely misses you. The vampire bites you.
* * * LOW HITPOINT WARNING * * *
The vampire draws strength from your injuries!
You slash the vampire!
The vampire is moderately damaged.
You block the vampire's attack. The vampire bites you.
* * * LOW HITPOINT WARNING * * *
The vampire draws strength from your injuries!
You barely miss the vampire.
The vampire is lightly damaged.
The vampire hits you but does no damage.
The vampire bites you.
* * * LOW HITPOINT WARNING * * *
The vampire draws strength from your injuries!
The vampire hits you! The Shining One protects you from harm!
The vampire bites you!
You die...

#.....# #####.###
#[....# #.....#
#.....# #.##..#
#.....# .. #.#.#####
#.#+### ## ##.#.....#
#.#########....#.###..
#.........#.##.#.# ###
#..............#.#
#.@....# #.# #
+..V<(.# #.# #.
#......# ..#
#..#......############
#.......#.#......~.~.#
#.#######...~.~....~..
# #≈≈≈≈~~~~~~~.≈~≈
#≈≈≈≈≈≈~~~~~~~~.~
#≈##...~...~~~~†.


You could see a vampire (invisible).

Vanquished Creatures
  A phantom (D:4)
  2 scorpions (D:5)
  A jelly (D:4)
  A hound (D:4)
  An iguana (D:5)
  7 gnolls
  4 adders
  2 ufetubi (D:5)
  A worm (D:2)
  4 dart slugs
  6 orcs
  10 bats
  6 endoplasms
  4 giant cockroaches
  5 goblins
  7 hobgoblins
  3 jackals (D:3)
  3 quokkas
  7 ball pythons
  2 frilled lizards
  3 kobolds
  5 rats
85 creatures vanquished.

Notes
Turn   | Place    | Note
-------+----------+-------------------------------------------
     0 | D:1      | graki42 the Hill Orc Fighter began the quest for the Orb.
     0 | D:1      | Reached XP level 1. HP: 19/19 MP: 1/1
    78 | D:1      | Reached XP level 2. HP: 27/27 MP: 2/2
   383 | D:1      | Found a faded altar of an unknown god.
   541 | D:2      | Reached XP level 3. HP: 33/33 MP: 3/3
   888 | D:2      | Reached XP level 4. HP: 34/40 MP: 4/4
  1442 | D:3      | Found a large runed translucent door.
  1442 | D:3      | Found a large runed translucent door.
  1447 | D:3      | Found Tets's General Store.
  1456 | D:3      | Bought a potion of heal wounds for 70 gold pieces
  1532 | D:3      | Reached XP level 5. HP: 47/47 MP: 5/5
  1559 | D:3      | Identified the +0 ring mail "Afee" {rElec SInv}
  1731 | D:3      | Found a sacrificial altar of Ru.
  1919 | D:3      | Found a glowing golden altar of the Shining One.
  1923 | D:3      | Became a worshipper of the Shining One
  1928 | D:3      | Found a broken altar of Ashenzari.
  1967 | D:4      | Found a staircase to the Ecumenical Temple.
  2034 | D:4      | Noticed a phantom
  2045 | D:4      | Killed a phantom
  2046 | D:4      | Reached skill level 5 in Fighting
  2046 | D:4      | Reached XP level 6. HP: 56/56 MP: 6/6
  2400 | D:5      | Entered Level 5 of the Dungeon
  2425 | D:5      | Reached skill level 5 in Axes
  2539 | D:5      | Reached skill level 5 in Armour
  2539 | D:5      | Reached skill level 5 in Shields
  2539 | D:5      | Reached skill level 1 in Invocations
  2539 | D:5      | Reached XP level 7. HP: 61/61 MP: 7/7
  2567 | D:5      | Noticed a vampire
  2584 | D:5      | HP: 2/61 [vampire (11)]
  2605 | D:5      | HP: 3/61 [vampire (6)]
  2605 | D:5      | The Shining One protects you from harm!
  2605 | D:5      | Mangled by a vampire

Illustrated notes

Levels and vault maps discovered:
D:1:      saegor_arrival_simple_c, layout_rooms,
          dreamdust_ecumenical_altar_grove, minmay_pentomino_z4
D:2:      layout_basic
D:3:      layout_basic, jmf_multi_god_temple2, lemuel_round_altar, serial_shops,
          shop
D:4:      layout_cave_pools, minmay_temple_entry_overgrown
D:5:      layout_basic, serial_rivers, chequers_serial_rivers_small_3,
          chequers_serial_rivers_large_b, chequers_serial_rivers_room_b,
          chequers_serial_rivers_micro_e, chequers_serial_rivers_micro_b,
          chequers_serial_rivers_room_a

Skill      XL: |  1  2  3  4  5  6 |
---------------+-------------------+-----
Axes           | 3 4 5 |  5.3
Fighting       | 4 5 |  5.6
Armour         | 4 5 |  5.0
Shields        | 4 5 |  5.0
Invocations    | 1 |  1.3

Action                     |  1- 3 |  4- 6 |  7- 9 || total
---------------------------+-------+-------+-------++-------
  Melee: War axe           |   108 |   171 |    26 ||   305
    Use: Potion            |       |       |     4 ||     4
 Armour: Scale mail        |    59 |       |       ||    59
         Plate armour      |    42 |   111 |    38 ||   191
  Dodge: Dodged            |    41 |    90 |    22 ||   153
  Block: Buckler           |    31 |    43 |     8 ||    82

Table legend: (Time is in decaauts)
 A = Elapsed time spent in this place.
 B = Non-inter-level travel time spent in this place.
 C = Inter-level travel time spent in this place.
 D = Time resting spent in this place.
 E = Time spent auto-exploring this place.
 F = Levels seen in this place.
 G = Mean time per level.
                   A        B        C        D        E       F      G
               +--------+--------+--------+--------+--------+-----+--------+
         Total |   2705 |   2617 |     88 |      0 |   1873 |   5 |  541.0 |
       Dungeon |   2705 |   2617 |     88 |      0 |   1873 |   5 |  541.0 |
               +--------+--------+--------+--------+--------+-----+--------+

Top non-repeatable levels by time:
     D:2: 937 daAuts
     D:3: 563 daAuts
     D:1: 521 daAuts
     D:4: 464 daAuts
     D:5: 218 daAuts
